[ AOE2 MATCH · #505730091 ]
UnrankedMongols vs Aztecs
Player's team · WIN
Rival team · LOSS
[ REPLAY ANALYSIS · EXTRACTED FROM THE RECORDED GAME ]
Feudal
8:52
Castle
27:56
Imperial
—
| APM avg | 46.3 |
| APM peak | 79 |
| eAPM avg | 22.8 |
| Villagers / military | 77 / 74 |
Focus
⚔️ 34.8% · 🌾 65.2%
Archer ×47 · Militia ×25 · Spearman ×2
Feudal
9:16
Castle
27:59
Imperial
—
| APM avg | 30.6 |
| APM peak | 77 |
| eAPM avg | 19.2 |
| Villagers / military | 67 / 54 |
Focus
⚔️ 29.7% · 🌾 70.3%
Eagle Scout ×41 · Skirmisher ×6 · Archer ×4 · Jaguar Warrior ×3
Match map
Initial resources + every placement click. Lines = walls · curves = elevation contours. ◆ gold · ⬟ stone · ● berries · ✦ relic · ◌ wall gap
Your base· Open — 9t gap
aleksey's base· Open — 5t gap
Smoothed initial terrain · ◌ = detected wall gap · hover for details
Inputs per minute
— Marcusscus - - aleksey
Build order — Marcusscus
First 150 of 255 actions detected
| 0:02 | Queue | Villager (Male) |
| 0:02 | Queue | Villager (Male) |
| 0:02 | Queue | Villager (Male) |
| 0:02 | Queue | Villager (Male) |
| 0:04 | Build | House |
| 0:05 | Build | House |
| 1:35 | Queue | Villager (Male) |
| 1:35 | Queue | Villager (Male) |
| 1:35 | Queue | Villager (Male) |
| 1:56 | Build | Lumber Camp |
| 1:59 | Build | House |
| 2:02 | Queue | Villager (Male) |
| 2:02 | Queue | Villager (Male) |
| 2:20 | Queue | Villager (Male) |
| 2:20 | Queue | Villager (Male) |
| 2:42 | Queue | Villager (Male) |
| 2:42 | Queue | Villager (Male) |
| 2:42 | Queue | Villager (Male) |
| 2:58 | Queue | Villager (Male) |
| 2:58 | Queue | Villager (Male) |
| 3:35 | Queue | Villager (Male) |
| 3:35 | Queue | Villager (Male) |
| 3:35 | Queue | Villager (Male) |
| 3:51 | Queue | Villager (Male) |
| 3:51 | Queue | Villager (Male) |
| 4:48 | Build | Barracks |
| 4:58 | Queue | Villager (Male) |
| 5:15 | Queue | Villager (Male) |
| 5:26 | Research | Loom |
| 6:00 | Build | Mill |
| 6:09 | Queue | Villager (Male) |
| 6:22 | Queue | Villager (Male) |
| 6:36 | Research | Feudal Age |
| 6:54 | Build | House |
| 6:58 | Queue | Militia |
| 6:58 | Queue | Militia |
| 7:06 | Queue | Militia |
| 7:30 | Queue | Militia |
| 7:57 | Queue | Villager (Male) |
| 8:13 | Build | Mill |
| 8:18 | Build | House |
| 8:52 | Age | Feudal Age |
| 9:00 | Queue | Villager (Male) |
| 9:02 | Research | Man-at-Arms (upgrade) |
| 9:05 | Build | Mining Camp |
| 9:07 | Queue | Villager (Male) |
| 9:34 | Build | Watch Tower |
| 9:44 | Queue | Villager (Male) |
| 10:10 | Queue | Villager (Male) |
| 10:15 | Build | Archery Range |
| 10:18 | Queue | Villager (Male) |
| 10:39 | Queue | Villager (Male) |
| 10:55 | Build | Palisade Wall |
| 10:56 | Build | Palisade Wall |
| 11:05 | Build | Mining Camp |
| 11:08 | Queue | Villager (Male) |
| 11:17 | Build | House |
| 11:27 | Queue | Archer |
| 11:28 | Queue | Archer |
| 11:28 | Queue | Archer |
| 11:28 | Queue | Archer |
| 11:46 | Queue | Villager (Male) |
| 12:00 | Queue | Villager (Male) |
| 12:07 | Queue | Archer |
| 12:23 | Build | House |
| 12:25 | Research | Double-Bit Axe |
| 12:27 | Queue | Villager (Male) |
| 12:48 | Build | Watch Tower |
| 12:56 | Queue | Villager (Male) |
| 12:56 | Queue | Villager (Male) |
| 13:12 | Build | Blacksmith |
| 13:16 | Queue | Villager (Male) |
| 13:16 | Queue | Villager (Male) |
| 13:47 | Build | Watch Tower |
| 13:56 | Queue | Archer |
| 13:56 | Queue | Archer |
| 13:57 | Queue | Villager (Male) |
| 13:57 | Queue | Villager (Male) |
| 14:08 | Build | House |
| 14:10 | Build | House |
| 14:28 | Queue | Archer |
| 14:53 | Queue | Archer |
| 15:13 | Build | Farm |
| 15:13 | Build | Farm |
| 15:14 | Build | Farm |
| 15:14 | Build | Farm |
| 15:14 | Build | Farm |
| 15:18 | Research | Fletching |
| 15:34 | Build | House |
| 15:36 | Build | House |
| 15:41 | Build | Palisade Wall |
| 15:43 | Build | Palisade Wall |
| 16:01 | Queue | Villager (Male) |
| 16:01 | Queue | Villager (Male) |
| 16:03 | Queue | Archer |
| 16:07 | Research | Wheelbarrow |
| 16:26 | Build | Archery Range |
| 16:37 | Build | Farm |
| 16:39 | Queue | Archer |
| 16:55 | Build | Watch Tower |
| 17:00 | Queue | Archer |
| 17:43 | Queue | Archer |
| 17:43 | Queue | Archer |
| 18:22 | Queue | Archer |
| 18:22 | Queue | Archer |
| 18:22 | Queue | Archer |
| 18:23 | Queue | Archer |
| 18:24 | Queue | Villager (Male) |
| 18:28 | Build | Farm |
| 18:31 | Research | Padded Archer Armor |
| 19:04 | Queue | Archer |
| 19:04 | Queue | Archer |
| 19:26 | Queue | Archer |
| 19:26 | Queue | Archer |
| 19:32 | Queue | Villager (Male) |
| 19:32 | Queue | Villager (Male) |
| 19:32 | Queue | Villager (Male) |
| 19:36 | Build | Farm |
| 19:38 | Build | Farm |
| 19:41 | Build | Lumber Camp |
| 19:43 | Queue | Villager (Male) |
| 19:43 | Queue | Villager (Male) |
| 19:57 | Queue | Archer |
| 19:57 | Queue | Archer |
| 20:16 | Build | Watch Tower |
| 20:30 | Build | Watch Tower |
| 20:32 | Queue | Villager (Male) |
| 20:44 | Queue | Villager (Male) |
| 20:44 | Queue | Villager (Male) |
| 20:50 | Queue | Archer |
| 20:50 | Queue | Archer |
| 20:55 | Build | House |
| 21:02 | Queue | Militia |
| 21:02 | Queue | Militia |
| 21:12 | Build | House |
| 21:16 | Build | House |
| 21:17 | Build | House |
| 21:19 | Build | House |
| 21:25 | Build | Palisade Wall |
| 21:26 | Build | Palisade Wall |
| 21:29 | Build | Palisade Wall |
| 21:43 | Build | Watch Tower |
| 21:47 | Queue | Archer |
| 21:47 | Queue | Archer |
| 21:57 | Queue | Villager (Male) |
| 22:34 | Queue | Archer |
| 22:34 | Queue | Archer |
| 22:46 | Queue | Villager (Male) |
| 22:46 | Queue | Villager (Male) |
| 23:23 | Queue | Villager (Male) |
Build order — aleksey
First 150 of 207 actions detected
| 0:00 | Queue | Villager (Male) ×4 |
| 0:02 | Build | House |
| 0:02 | Build | House |
| 1:32 | Queue | Villager (Male) |
| 1:53 | Build | Lumber Camp |
| 2:03 | Queue | Villager (Male) |
| 2:04 | Queue | Villager (Male) |
| 2:44 | Queue | Villager (Male) |
| 3:01 | Queue | Villager (Male) |
| 3:40 | Queue | Villager (Male) |
| 3:55 | Build | House |
| 3:56 | Build | House |
| 4:03 | Queue | Villager (Male) |
| 4:04 | Queue | Villager (Male) |
| 4:18 | Build | Mill |
| 4:53 | Queue | Villager (Male) |
| 4:53 | Queue | Villager (Male) |
| 5:33 | Queue | Villager (Male) |
| 5:37 | Queue | Villager (Male) |
| 5:41 | Research | Loom |
| 7:06 | Research | Feudal Age |
| 7:11 | Build | Lumber Camp |
| 7:31 | Build | Mining Camp |
| 8:17 | Build | Farm |
| 8:26 | Queue | Villager (Male) |
| 8:32 | Build | Palisade Wall |
| 8:34 | Build | Palisade Wall |
| 8:38 | Build | Palisade Wall |
| 8:45 | Build | Farm |
| 9:16 | Age | Feudal Age |
| 9:19 | Queue | Villager (Male) |
| 9:20 | Queue | Villager (Male) |
| 9:24 | Build | Barracks |
| 9:43 | Build | Farm |
| 9:56 | Build | Palisade Wall |
| 9:58 | Build | Palisade Wall |
| 10:00 | Build | Palisade Wall |
| 10:06 | Build | Palisade Wall |
| 10:09 | Build | Palisade Wall |
| 10:16 | Build | Farm |
| 10:22 | Build | Palisade Wall |
| 10:24 | Build | Palisade Wall |
| 10:29 | Queue | Eagle Scout |
| 10:29 | Queue | Eagle Scout |
| 10:32 | Queue | Villager (Male) |
| 10:35 | Build | Farm |
| 10:51 | Queue | Villager (Male) |
| 10:53 | Build | Farm |
| 10:55 | Build | Farm |
| 11:00 | Build | House |
| 11:05 | Queue | Villager (Male) |
| 11:12 | Build | House |
| 11:27 | Research | Town Watch |
| 11:27 | Queue | Villager (Male) |
| 11:27 | Queue | Villager (Male) |
| 11:53 | Build | Archery Range |
| 12:19 | Queue | Villager (Male) |
| 12:19 | Queue | Villager (Male) |
| 12:36 | Build | House |
| 12:37 | Build | Blacksmith |
| 12:44 | Queue | Villager (Male) |
| 13:03 | Build | Watch Tower |
| 13:14 | Queue | Villager (Male) |
| 13:14 | Queue | Villager (Male) |
| 13:24 | Queue | Archer |
| 13:24 | Queue | Archer |
| 14:46 | Queue | Villager (Male) |
| 14:46 | Queue | Villager (Male) |
| 14:46 | Queue | Villager (Male) |
| 14:52 | Queue | Eagle Scout |
| 14:52 | Queue | Eagle Scout |
| 14:53 | Queue | Eagle Scout |
| 14:54 | Queue | Archer |
| 15:10 | Build | Farm |
| 15:17 | Queue | Archer |
| 15:19 | Build | Farm |
| 15:21 | Queue | Villager (Male) |
| 15:27 | Build | Farm |
| 15:45 | Research | Fletching |
| 15:59 | Queue | Skirmisher |
| 16:00 | Queue | Skirmisher |
| 16:07 | Queue | Villager (Male) |
| 16:07 | Queue | Villager (Male) |
| 16:32 | Queue | Eagle Scout |
| 16:40 | Research | Scale Mail Armor |
| 16:47 | Queue | Skirmisher |
| 16:47 | Queue | Skirmisher |
| 16:49 | Queue | Villager (Male) |
| 16:49 | Queue | Villager (Male) |
| 16:53 | Build | Farm |
| 16:56 | Build | House |
| 16:57 | Build | House |
| 17:45 | Queue | Eagle Scout |
| 17:48 | Build | Barracks |
| 17:59 | Queue | Villager (Male) |
| 17:59 | Queue | Villager (Male) |
| 18:23 | Build | Farm |
| 18:25 | Build | Farm |
| 18:26 | Queue | Villager (Male) |
| 18:36 | Build | House |
| 18:49 | Queue | Skirmisher |
| 18:49 | Queue | Skirmisher |
| 18:51 | Build | Archery Range |
| 19:11 | Queue | Villager (Male) |
| 19:35 | Build | Mining Camp |
| 19:48 | Queue | Villager (Male) |
| 20:06 | Build | Market |
| 20:38 | Queue | Villager (Male) |
| 20:38 | Queue | Villager (Male) |
| 20:41 | Build | Farm |
| 20:45 | Build | Farm |
| 20:48 | Queue | Eagle Scout |
| 20:55 | Build | Farm |
| 20:56 | Queue | Villager (Male) |
| 21:01 | Queue | Eagle Scout |
| 21:10 | Build | Mill |
| 21:26 | Queue | Eagle Scout |
| 21:27 | Queue | Eagle Scout |
| 21:29 | Build | Farm |
| 21:32 | Queue | Villager (Male) |
| 21:36 | Queue | Villager (Male) |
| 21:50 | Build | Watch Tower |
| 21:53 | Queue | Eagle Scout |
| 22:19 | Queue | Villager (Male) |
| 22:20 | Queue | Villager (Male) |
| 22:27 | Build | Farm |
| 22:35 | Build | Farm |
| 22:36 | Queue | Villager (Male) |
| 22:38 | Build | Farm |
| 22:40 | Build | Farm |
| 22:59 | Queue | Eagle Scout |
| 22:59 | Queue | Eagle Scout |
| 23:00 | Queue | Eagle Scout |
| 23:32 | Build | Farm |
| 23:33 | Build | Farm |
| 23:40 | Build | House |
| 23:41 | Build | House |
| 23:48 | Queue | Eagle Scout |
| 23:48 | Queue | Eagle Scout |
| 24:04 | Build | Farm |
| 24:05 | Build | Mill |
| 24:07 | Build | Farm |
| 24:21 | Build | Farm |
| 24:22 | Queue | Villager (Male) |
| 24:23 | Queue | Villager (Male) |
| 24:37 | Build | House |
| 24:38 | Build | House |
| 24:50 | Build | House |
| 25:00 | Build | Farm |
| 25:19 | Research | Castle Age |
Match timeline
| 4:48 | Marcusscus · first_building Barracks |
| 8:32 | aleksey · wall_segment Palisade Wall x1 |
| 8:34 | aleksey · wall_segment Palisade Wall x1 |
| 8:38 | aleksey · wall_segment Palisade Wall x1 |
| 8:52 | Marcusscus · age_up feudal |
| 9:16 | aleksey · age_up feudal |
| 9:24 | aleksey · first_building Barracks |
| 9:56 | aleksey · wall_segment Palisade Wall x1 |
| 9:58 | aleksey · wall_segment Palisade Wall x1 |
| 10:00 | aleksey · wall_segment Palisade Wall x1 |
| 10:06 | aleksey · wall_segment Palisade Wall x1 |
| 10:09 | aleksey · wall_segment Palisade Wall x1 |
| 10:15 | Marcusscus · first_building Archery Range |
| 10:22 | aleksey · wall_segment Palisade Wall x1 |
| 10:24 | aleksey · wall_segment Palisade Wall x1 |
| 10:55 | Marcusscus · wall_segment Palisade Wall x3 |
| 10:56 | Marcusscus · wall_segment Palisade Wall x3 |
| 11:53 | aleksey · first_building Archery Range |
| 15:41 | Marcusscus · wall_segment Palisade Wall x7 |
| 15:43 | Marcusscus · wall_segment Palisade Wall x3 |
| 20:59 | aleksey · first_market_sell 100 food |
| 21:25 | Marcusscus · wall_segment Palisade Wall x7 |
| 21:26 | Marcusscus · wall_segment Palisade Wall x7 |
| 21:29 | Marcusscus · wall_segment Palisade Wall x9 |
| 21:45 | aleksey · first_market_buy 100 stone |
| 26:20 | aleksey · wall_segment Palisade Wall x1 |
| 26:26 | aleksey · wall_segment Palisade Wall x1 |
| 27:56 | Marcusscus · age_up castle |
| 27:59 | aleksey · age_up castle |
| 31:12 | Marcusscus · first_building Siege Workshop |
| 32:17 | aleksey · first_building Castle |
| 32:49 | aleksey · wall_segment Palisade Wall x1 |
| 33:21 | aleksey · wall_segment Palisade Wall x1 |
| 34:08 | aleksey · resign |
[ AI ANALYSIS · 1 CREDIT ]
What really happened in this match?
Wolo.gg analyzes every decision: build order, eco, micro, common mistakes by bracket. Personalized analysis on WhatsApp or Discord in 30 seconds.
Civ guide
Mongols
Perfil
Jugador #14148924